Workbook

Sheet Instrucciones
B2: Análisis diferencial ISO/IEC 27001:2022
B3: GHG-27K-M1-01 · Referencia normativa: 4–10, Anexo A
B5: Cómo usar este registro
B6: • Este libro sirve para medir el punto de partida de la organización frente a los requisitos de ISO/IEC 27001:2022 (cláusulas 4 a 10, incluida la Amd 1:2024) y frente a los 93 controles del Anexo A.
B7: • Los requisitos están parafraseados: consulte siempre el texto oficial de la norma (UNE-EN ISO/IEC 27001:2023 y su modificación A1) para la evaluación definitiva.
B8: • En las hojas «Cláusulas 4-10» y «Anexo A» describa la situación actual con hechos verificables (documento, registro, entrevista) y asigne una madurez de 0 a 5: 0 Inexistente, 1 Inicial (ad hoc), 2 Repetible (se hace, sin documentar), 3 Definido (documentado y aplicado), 4 Gestionado (medido y revisado), 5 Optimizado (mejora continua).
B9: • La columna «¿Cumple?» se calcula sola: madurez ≥ 3 = Sí; 1–2 = Parcial; 0 = No. Un requisito de las cláusulas 4–10 con «No» o «Parcial» impediría hoy la certificación.
B10: • En el Anexo A, «¿Aplicable previsto?» es una primera estimación: la decisión definitiva sale de la evaluación de riesgos y se documenta en la Declaración de Aplicabilidad (GHG-27K-M6-01).
B11: • La hoja «Resumen» calcula la madurez media y el porcentaje de cumplimiento por cláusula y por tema del Anexo A. Úsela para priorizar el plan de proyecto (GHG-27K-M1-02).
B12: • La primera fila de cada hoja contiene un ejemplo del caso Nubia: sustitúyalo por la evaluación real.
B14: Leyenda de colores
B15: Celda a rellenar por la organización
... B24: Modelo de documento · Curso Implantador ISO/IEC 27001:2022 · GHG Accreditation Global

Sheet Cláusulas 4-10
A1: Análisis diferencial · Cláusulas 4 a 10
A2: GHG-27K-M1-01 · 4–10, Anexo A
A4: ID | B4: Cap. | C4: Cláusula | D4: Requisito (paráfrasis) | E4: Evidencia esperada | F4: Situación actual | G4: Madurez (0–5) | H4: ¿Cumple? | I4: Acción necesaria | J4: Responsable | K4: Prioridad | L4: Plazo
A5: R-01 | B5: 4 | C5: 4.1 | D5: Determinar las cuestiones externas e internas pertinentes para el propósito de la organización que afectan a su capacidad de lograr los resultados previstos del SGSI. | E5: Análisis de contexto (DAFO/PESTEL) actualizado | F5: Existe un DAFO corporativo de 2024 sin enfoque de seguridad | G5: 2 | H5: =IF(G5="","",IF(G5>=3,"Sí",IF(G5>=1,"Parcial","No"))) -> Parcial | I5: Ampliar el análisis con cuestiones de seguridad y clima | J5: Responsable SGSI | K5: Alta | L5: [mm/aaaa]
A6: R-02 | B6: 4 | C6: 4.1 (Amd 1:2024) | D6: Determinar si el cambio climático es una cuestión pertinente para el SGSI. | E6: Conclusión documentada en el análisis de contexto | H6: =IF(G6="","",IF(G6>=3,"Sí",IF(G6>=1,"Parcial","No")))
A7: R-03 | B7: 4 | C7: 4.2 a) | D7: Identificar las partes interesadas pertinentes para el SGSI. | E7: Registro de partes interesadas | H7: =IF(G7="","",IF(G7>=3,"Sí",IF(G7>=1,"Parcial","No")))
A8: R-04 | B8: 4 | C8: 4.2 b) | D8: Determinar los requisitos pertinentes de esas partes interesadas (legales, reglamentarios, contractuales y otros). | E8: Registro de requisitos / inventario legal | H8: =IF(G8="","",IF(G8>=3,"Sí",IF(G8>=1,"Parcial","No")))
A9: R-05 | B9: 4 | C9: 4.2 c) | D9: Decidir cuáles de esos requisitos se abordarán a través del SGSI. | E9: Columna «se aborda en el SGSI» en el registro | H9: =IF(G9="","",IF(G9>=3,"Sí",IF(G9>=1,"Parcial","No")))
A10: R-06 | B10: 4 | C10: 4.3 | D10: Determinar los límites y la aplicabilidad del SGSI considerando cuestiones, requisitos, interfaces y dependencias con terceros, y documentar el alcance. | E10: Documento de alcance aprobado | H10: =IF(G10="","",IF(G10>=3,"Sí",IF(G10>=1,"Parcial","No")))
A11: R-07 | B11: 4 | C11: 4.4 | D11: Establecer, implementar, mantener y mejorar el SGSI, incluidos los procesos necesarios y sus interacciones. | E11: Mapa de procesos del SGSI | H11: =IF(G11="","",IF(G11>=3,"Sí",IF(G11>=1,"Parcial","No")))
A12: R-08 | B12: 5 | C12: 5.1 | D12: La alta dirección demuestra liderazgo y compromiso: política y objetivos alineados con la estrategia, integración en los procesos, recursos, comunicación, apoyo a las personas y mejora continua. | E12: Actas de Dirección, presupuesto, comunicaciones | H12: =IF(G12="","",IF(G12>=3,"Sí",IF(G12>=1,"Parcial","No")))
A13: R-09 | B13: 5 | C13: 5.2 | D13: Existe una política de seguridad de la información adecuada al propósito, que da marco a los objetivos e incluye los compromisos de cumplir requisitos y de mejora continua; está documentada, comunicada y disponible. | E13: Política aprobada y evidencias de difusión | H13: =IF(G13="","",IF(G13>=3,"Sí",IF(G13>=1,"Parcial","No")))
A14: R-10 | B14: 5 | C14: 5.3 | D14: Las responsabilidades y autoridades en seguridad de la información están asignadas y comunicadas, incluida la de informar del desempeño del SGSI a la dirección. | E14: Nombramientos, organigrama, RACI | H14: =IF(G14="","",IF(G14>=3,"Sí",IF(G14>=1,"Parcial","No")))
A15: R-11 | B15: 6 | C15: 6.1.1 | D15: Se determinan los riesgos y oportunidades del SGSI, se planifican acciones, se integran en los procesos y se evalúa su eficacia. | E15: Registro de riesgos y oportunidades del SGSI | H15: =IF(G15="","",IF(G15>=3,"Sí",IF(G15>=1,"Parcial","No")))
A16: R-12 | B16: 6 | C16: 6.1.2 a) | D16: Se han definido criterios de aceptación del riesgo y criterios para realizar las evaluaciones. | E16: Metodología de riesgos aprobada | H16: =IF(G16="","",IF(G16>=3,"Sí",IF(G16>=1,"Parcial","No")))
A17: R-13 | B17: 6 | C17: 6.1.2 b)-e) | D17: La evaluación de riesgos produce resultados coherentes, válidos y comparables; identifica riesgos de pérdida de C, I y D con sus propietarios; los analiza, valora y prioriza. | E17: Evaluación de riesgos (información documentada) | H17: =IF(G17="","",IF(G17>=3,"Sí",IF(G17>=1,"Parcial","No")))
... A40: R-36 | B40: 10 | C40: 10.2 | D40: Ante una no conformidad se reacciona, se analizan las causas, se implantan acciones correctivas, se revisa su eficacia y se conserva información documentada. | E40: Registro de NC y acciones correctivas | H40: =IF(G40="","",IF(G40>=3,"Sí",IF(G40>=1,"Parcial","No")))

Sheet Anexo A
A1: Análisis diferencial · Controles del Anexo A (93)
A2: GHG-27K-M1-01 · 4–10, Anexo A
A4: Control | B4: Tema | C4: Título del control | D4: Nuevo 2022 | E4: Origen 2013 | F4: Situación actual | G4: Madurez (0–5) | H4: ¿Cumple? | I4: ¿Aplicable previsto? | J4: Acción necesaria | K4: Prioridad
A5: 5.1 | B5: Organizacionales | C5: Políticas de seguridad de la información | E5: 5.1.1, 5.1.2 | F5: Política general de 2019 sin políticas temáticas | G5: 2 | H5: =IF(G5="","",IF(G5>=3,"Sí",IF(G5>=1,"Parcial","No"))) -> Parcial | I5: Sí | J5: Actualizar política y crear políticas temáticas | K5: Alta
A6: 5.2 | B6: Organizacionales | C6: Roles y responsabilidades en seguridad de la información | E6: 6.1.1 | H6: =IF(G6="","",IF(G6>=3,"Sí",IF(G6>=1,"Parcial","No")))
A7: 5.3 | B7: Organizacionales | C7: Segregación de tareas | E7: 6.1.2 | H7: =IF(G7="","",IF(G7>=3,"Sí",IF(G7>=1,"Parcial","No")))
A8: 5.4 | B8: Organizacionales | C8: Responsabilidades de la dirección | E8: 7.2.1 | H8: =IF(G8="","",IF(G8>=3,"Sí",IF(G8>=1,"Parcial","No")))
A9: 5.5 | B9: Organizacionales | C9: Contacto con las autoridades | E9: 6.1.3 | H9: =IF(G9="","",IF(G9>=3,"Sí",IF(G9>=1,"Parcial","No")))
A10: 5.6 | B10: Organizacionales | C10: Contacto con grupos de interés especial | E10: 6.1.4 | H10: =IF(G10="","",IF(G10>=3,"Sí",IF(G10>=1,"Parcial","No")))
A11: 5.7 | B11: Organizacionales | C11: Inteligencia de amenazas | D11: Sí | E11: Nuevo | H11: =IF(G11="","",IF(G11>=3,"Sí",IF(G11>=1,"Parcial","No")))
A12: 5.8 | B12: Organizacionales | C12: Seguridad de la información en la gestión de proyectos | E12: 6.1.5, 14.1.1 | H12: =IF(G12="","",IF(G12>=3,"Sí",IF(G12>=1,"Parcial","No")))
A13: 5.9 | B13: Organizacionales | C13: Inventario de información y otros activos asociados | E13: 8.1.1, 8.1.2 | H13: =IF(G13="","",IF(G13>=3,"Sí",IF(G13>=1,"Parcial","No")))
A14: 5.10 | B14: Organizacionales | C14: Uso aceptable de la información y otros activos asociados | E14: 8.1.3, 8.2.3 | H14: =IF(G14="","",IF(G14>=3,"Sí",IF(G14>=1,"Parcial","No")))
A15: 5.11 | B15: Organizacionales | C15: Devolución de activos | E15: 8.1.4 | H15: =IF(G15="","",IF(G15>=3,"Sí",IF(G15>=1,"Parcial","No")))
A16: 5.12 | B16: Organizacionales | C16: Clasificación de la información | E16: 8.2.1 | H16: =IF(G16="","",IF(G16>=3,"Sí",IF(G16>=1,"Parcial","No")))
A17: 5.13 | B17: Organizacionales | C17: Etiquetado de la información | E17: 8.2.2 | H17: =IF(G17="","",IF(G17>=3,"Sí",IF(G17>=1,"Parcial","No")))
A18: 5.14 | B18: Organizacionales | C18: Transferencia de información | E18: 13.2.1, 13.2.2, 13.2.3 | H18: =IF(G18="","",IF(G18>=3,"Sí",IF(G18>=1,"Parcial","No")))
A19: 5.15 | B19: Organizacionales | C19: Control de acceso | E19: 9.1.1, 9.1.2 | H19: =IF(G19="","",IF(G19>=3,"Sí",IF(G19>=1,"Parcial","No")))
A20: 5.16 | B20: Organizacionales | C20: Gestión de identidades | E20: 9.2.1 | H20: =IF(G20="","",IF(G20>=3,"Sí",IF(G20>=1,"Parcial","No")))
A21: 5.17 | B21: Organizacionales | C21: Información de autenticación | E21: 9.2.4, 9.3.1, 9.4.3 | H21: =IF(G21="","",IF(G21>=3,"Sí",IF(G21>=1,"Parcial","No")))
A22: 5.18 | B22: Organizacionales | C22: Derechos de acceso | E22: 9.2.2, 9.2.5, 9.2.6 | H22: =IF(G22="","",IF(G22>=3,"Sí",IF(G22>=1,"Parcial","No")))
A23: 5.19 | B23: Organizacionales | C23: Seguridad de la información en las relaciones con los proveedores | E23: 15.1.1 | H23: =IF(G23="","",IF(G23>=3,"Sí",IF(G23>=1,"Parcial","No")))
... A26: 5.22 | B26: Organizacionales | C26: Seguimiento, revisión y gestión del cambio de los servicios de proveedores | E26: 15.2.1, 15.2.2 | H26: =IF(G26="","",IF(G26>=3,"Sí",IF(G26>=1,"Parcial","No")))
A27: 5.23 | B27: Organizacionales | C27: Seguridad de la información para el uso de servicios en la nube | D27: Sí | E27: Nuevo | H27: =IF(G27="","",IF(G27>=3,"Sí",IF(G27>=1,"Parcial","No")))
A28: 5.24 | B28: Organizacionales | C28: Planificación y preparación de la gestión de incidentes de seguridad de la información | E28: 16.1.1 | H28: =IF(G28="","",IF(G28>=3,"Sí",IF(G28>=1,"Parcial","No")))
A29: 5.25 | B29: Organizacionales | C29: Evaluación y decisión sobre los eventos de seguridad de la información | E29: 16.1.4 | H29: =IF(G29="","",IF(G29>=3,"Sí",IF(G29>=1,"Parcial","No")))
A30: 5.26 | B30: Organizacionales | C30: Respuesta a incidentes de seguridad de la información | E30: 16.1.5 | H30: =IF(G30="","",IF(G30>=3,"Sí",IF(G30>=1,"Parcial","No")))
A31: 5.27 | B31: Organizacionales | C31: Aprendizaje de los incidentes de seguridad de la información | E31: 16.1.6 | H31: =IF(G31="","",IF(G31>=3,"Sí",IF(G31>=1,"Parcial","No")))
A32: 5.28 | B32: Organizacionales | C32: Recopilación de evidencias | E32: 16.1.7 | H32: =IF(G32="","",IF(G32>=3,"Sí",IF(G32>=1,"Parcial","No")))
A33: 5.29 | B33: Organizacionales | C33: Seguridad de la información durante una interrupción | E33: 17.1.1, 17.1.2, 17.1.3 | H33: =IF(G33="","",IF(G33>=3,"Sí",IF(G33>=1,"Parcial","No")))
A34: 5.30 | B34: Organizacionales | C34: Preparación de las TIC para la continuidad del negocio | D34: Sí | E34: Nuevo | H34: =IF(G34="","",IF(G34>=3,"Sí",IF(G34>=1,"Parcial","No")))
A35: 5.31 | B35: Organizacionales | C35: Requisitos legales, estatutarios, reglamentarios y contractuales | E35: 18.1.1, 18.1.5 | H35: =IF(G35="","",IF(G35>=3,"Sí",IF(G35>=1,"Parcial","No")))
A36: 5.32 | B36: Organizacionales | C36: Derechos de propiedad intelectual | E36: 18.1.2 | H36: =IF(G36="","",IF(G36>=3,"Sí",IF(G36>=1,"Parcial","No")))
A37: 5.33 | B37: Organizacionales | C37: Protección de los registros | E37: 18.1.3 | H37: =IF(G37="","",IF(G37>=3,"Sí",IF(G37>=1,"Parcial","No")))
A38: 5.34 | B38: Organizacionales | C38: Privacidad y protección de datos personales | E38: 18.1.4 | H38: =IF(G38="","",IF(G38>=3,"Sí",IF(G38>=1,"Parcial","No")))
A39: 5.35 | B39: Organizacionales | C39: Revisión independiente de la seguridad de la información | E39: 18.2.1 | H39: =IF(G39="","",IF(G39>=3,"Sí",IF(G39>=1,"Parcial","No")))
A40: 5.36 | B40: Organizacionales | C40: Cumplimiento de las políticas, reglas y normas de seguridad de la información | E40: 18.2.2, 18.2.3 | H40: =IF(G40="","",IF(G40>=3,"Sí",IF(G40>=1,"Parcial","No")))
A41: 5.37 | B41: Organizacionales | C41: Procedimientos de operación documentados | E41: 12.1.1 | H41: =IF(G41="","",IF(G41>=3,"Sí",IF(G41>=1,"Parcial","No")))
A42: 6.1 | B42: Personas | C42: Comprobación (screening) | E42: 7.1.1 | H42: =IF(G42="","",IF(G42>=3,"Sí",IF(G42>=1,"Parcial","No")))
A43: 6.2 | B43: Personas | C43: Términos y condiciones del empleo | E43: 7.1.2 | H43: =IF(G43="","",IF(G43>=3,"Sí",IF(G43>=1,"Parcial","No")))
A44: 6.3 | B44: Personas | C44: Concienciación, educación y formación en seguridad de la información | E44: 7.2.2 | H44: =IF(G44="","",IF(G44>=3,"Sí",IF(G44>=1,"Parcial","No")))
A45: 6.4 | B45: Personas | C45: Proceso disciplinario | E45: 7.2.3 | H45: =IF(G45="","",IF(G45>=3,"Sí",IF(G45>=1,"Parcial","No")))
A46: 6.5 | B46: Personas | C46: Responsabilidades tras la finalización o cambio de empleo | E46: 7.3.1 | H46: =IF(G46="","",IF(G46>=3,"Sí",IF(G46>=1,"Parcial","No")))
... A52: 7.3 | B52: Físicos | C52: Seguridad de oficinas, despachos y recursos | E52: 11.1.3 | H52: =IF(G52="","",IF(G52>=3,"Sí",IF(G52>=1,"Parcial","No")))
A53: 7.4 | B53: Físicos | C53: Monitorización de la seguridad física | D53: Sí | E53: Nuevo | H53: =IF(G53="","",IF(G53>=3,"Sí",IF(G53>=1,"Parcial","No")))
A54: 7.5 | B54: Físicos | C54: Protección contra las amenazas físicas y ambientales | E54: 11.1.4 | H54: =IF(G54="","",IF(G54>=3,"Sí",IF(G54>=1,"Parcial","No")))
A55: 7.6 | B55: Físicos | C55: Trabajo en áreas seguras | E55: 11.1.5 | H55: =IF(G55="","",IF(G55>=3,"Sí",IF(G55>=1,"Parcial","No")))
A56: 7.7 | B56: Físicos | C56: Puesto de trabajo despejado y pantalla limpia | E56: 11.2.9 | H56: =IF(G56="","",IF(G56>=3,"Sí",IF(G56>=1,"Parcial","No")))
A57: 7.8 | B57: Físicos | C57: Emplazamiento y protección de los equipos | E57: 11.2.1 | H57: =IF(G57="","",IF(G57>=3,"Sí",IF(G57>=1,"Parcial","No")))
A58: 7.9 | B58: Físicos | C58: Seguridad de los activos fuera de las instalaciones | E58: 11.2.6 | H58: =IF(G58="","",IF(G58>=3,"Sí",IF(G58>=1,"Parcial","No")))
A59: 7.10 | B59: Físicos | C59: Soportes de almacenamiento | E59: 8.3.1, 8.3.2, 8.3.3, 11.2.5 | H59: =IF(G59="","",IF(G59>=3,"Sí",IF(G59>=1,"Parcial","No")))
A60: 7.11 | B60: Físicos | C60: Servicios de suministro | E60: 11.2.2 | H60: =IF(G60="","",IF(G60>=3,"Sí",IF(G60>=1,"Parcial","No")))
A61: 7.12 | B61: Físicos | C61: Seguridad del cableado | E61: 11.2.3 | H61: =IF(G61="","",IF(G61>=3,"Sí",IF(G61>=1,"Parcial","No")))
A62: 7.13 | B62: Físicos | C62: Mantenimiento de los equipos | E62: 11.2.4 | H62: =IF(G62="","",IF(G62>=3,"Sí",IF(G62>=1,"Parcial","No")))
A63: 7.14 | B63: Físicos | C63: Eliminación o reutilización segura de los equipos | E63: 11.2.7 | H63: =IF(G63="","",IF(G63>=3,"Sí",IF(G63>=1,"Parcial","No")))
A64: 8.1 | B64: Tecnológicos | C64: Dispositivos finales de usuario | E64: 6.2.1, 11.2.8 | H64: =IF(G64="","",IF(G64>=3,"Sí",IF(G64>=1,"Parcial","No")))
A65: 8.2 | B65: Tecnológicos | C65: Derechos de acceso privilegiados | E65: 9.2.3 | H65: =IF(G65="","",IF(G65>=3,"Sí",IF(G65>=1,"Parcial","No")))
... A71: 8.8 | B71: Tecnológicos | C71: Gestión de las vulnerabilidades técnicas | E71: 12.6.1, 18.2.3 | H71: =IF(G71="","",IF(G71>=3,"Sí",IF(G71>=1,"Parcial","No")))
A72: 8.9 | B72: Tecnológicos | C72: Gestión de la configuración | D72: Sí | E72: Nuevo | H72: =IF(G72="","",IF(G72>=3,"Sí",IF(G72>=1,"Parcial","No")))
A73: 8.10 | B73: Tecnológicos | C73: Eliminación de la información | D73: Sí | E73: Nuevo | H73: =IF(G73="","",IF(G73>=3,"Sí",IF(G73>=1,"Parcial","No")))
A74: 8.11 | B74: Tecnológicos | C74: Enmascaramiento de datos | D74: Sí | E74: Nuevo | H74: =IF(G74="","",IF(G74>=3,"Sí",IF(G74>=1,"Parcial","No")))
A75: 8.12 | B75: Tecnológicos | C75: Prevención de fuga de datos | D75: Sí | E75: Nuevo | H75: =IF(G75="","",IF(G75>=3,"Sí",IF(G75>=1,"Parcial","No")))
A76: 8.13 | B76: Tecnológicos | C76: Copias de seguridad de la información | E76: 12.3.1 | H76: =IF(G76="","",IF(G76>=3,"Sí",IF(G76>=1,"Parcial","No")))
A77: 8.14 | B77: Tecnológicos | C77: Redundancia de los recursos de tratamiento de la información | E77: 17.2.1 | H77: =IF(G77="","",IF(G77>=3,"Sí",IF(G77>=1,"Parcial","No")))
A78: 8.15 | B78: Tecnológicos | C78: Registro de eventos | E78: 12.4.1, 12.4.2, 12.4.3 | H78: =IF(G78="","",IF(G78>=3,"Sí",IF(G78>=1,"Parcial","No")))
A79: 8.16 | B79: Tecnológicos | C79: Actividades de seguimiento (monitorización) | D79: Sí | E79: Nuevo | H79: =IF(G79="","",IF(G79>=3,"Sí",IF(G79>=1,"Parcial","No")))
A80: 8.17 | B80: Tecnológicos | C80: Sincronización del reloj | E80: 12.4.4 | H80: =IF(G80="","",IF(G80>=3,"Sí",IF(G80>=1,"Parcial","No")))
A81: 8.18 | B81: Tecnológicos | C81: Uso de programas de utilidad con privilegios | E81: 9.4.4 | H81: =IF(G81="","",IF(G81>=3,"Sí",IF(G81>=1,"Parcial","No")))
A82: 8.19 | B82: Tecnológicos | C82: Instalación de software en sistemas en producción | E82: 12.5.1, 12.6.2 | H82: =IF(G82="","",IF(G82>=3,"Sí",IF(G82>=1,"Parcial","No")))
A83: 8.20 | B83: Tecnológicos | C83: Seguridad de redes | E83: 13.1.1 | H83: =IF(G83="","",IF(G83>=3,"Sí",IF(G83>=1,"Parcial","No")))
A84: 8.21 | B84: Tecnológicos | C84: Seguridad de los servicios de red | E84: 13.1.2 | H84: =IF(G84="","",IF(G84>=3,"Sí",IF(G84>=1,"Parcial","No")))
A85: 8.22 | B85: Tecnológicos | C85: Segregación de redes | E85: 13.1.3 | H85: =IF(G85="","",IF(G85>=3,"Sí",IF(G85>=1,"Parcial","No")))
A86: 8.23 | B86: Tecnológicos | C86: Filtrado web | D86: Sí | E86: Nuevo | H86: =IF(G86="","",IF(G86>=3,"Sí",IF(G86>=1,"Parcial","No")))
A87: 8.24 | B87: Tecnológicos | C87: Uso de la criptografía | E87: 10.1.1, 10.1.2 | H87: =IF(G87="","",IF(G87>=3,"Sí",IF(G87>=1,"Parcial","No")))
A88: 8.25 | B88: Tecnológicos | C88: Ciclo de vida de desarrollo seguro | E88: 14.2.1 | H88: =IF(G88="","",IF(G88>=3,"Sí",IF(G88>=1,"Parcial","No")))
A89: 8.26 | B89: Tecnológicos | C89: Requisitos de seguridad de las aplicaciones | E89: 14.1.2, 14.1.3 | H89: =IF(G89="","",IF(G89>=3,"Sí",IF(G89>=1,"Parcial","No")))
A90: 8.27 | B90: Tecnológicos | C90: Arquitectura de sistemas seguros y principios de ingeniería | E90: 14.2.5 | H90: =IF(G90="","",IF(G90>=3,"Sí",IF(G90>=1,"Parcial","No")))
A91: 8.28 | B91: Tecnológicos | C91: Codificación segura | D91: Sí | E91: Nuevo | H91: =IF(G91="","",IF(G91>=3,"Sí",IF(G91>=1,"Parcial","No")))
A92: 8.29 | B92: Tecnológicos | C92: Pruebas de seguridad en el desarrollo y la aceptación | E92: 14.2.8, 14.2.9 | H92: =IF(G92="","",IF(G92>=3,"Sí",IF(G92>=1,"Parcial","No")))
A93: 8.30 | B93: Tecnológicos | C93: Desarrollo externalizado | E93: 14.2.7 | H93: =IF(G93="","",IF(G93>=3,"Sí",IF(G93>=1,"Parcial","No")))
A94: 8.31 | B94: Tecnológicos | C94: Separación de los entornos de desarrollo, prueba y producción | E94: 12.1.4, 14.2.6 | H94: =IF(G94="","",IF(G94>=3,"Sí",IF(G94>=1,"Parcial","No")))
A95: 8.32 | B95: Tecnológicos | C95: Gestión de cambios | E95: 12.1.2, 14.2.2, 14.2.3, 14.2.4 | H95: =IF(G95="","",IF(G95>=3,"Sí",IF(G95>=1,"Parcial","No")))
A96: 8.33 | B96: Tecnológicos | C96: Información de prueba | E96: 14.3.1 | H96: =IF(G96="","",IF(G96>=3,"Sí",IF(G96>=1,"Parcial","No")))
A97: 8.34 | B97: Tecnológicos | C97: Protección de los sistemas de información durante las pruebas de auditoría | E97: 12.7.1 | H97: =IF(G97="","",IF(G97>=3,"Sí",IF(G97>=1,"Parcial","No")))

Sheet Resumen
A1: Resumen del análisis diferencial
A3: Bloque | B3: Nº requisitos/controles | C3: Evaluados | D3: Madurez media | E3: % que cumple (madurez ≥3) | F3: Objetivo
A4: 4 Contexto | B4: =COUNTIF('Cláusulas 4-10'!B5:B40,"4") -> 7 | C4: =COUNTIFS('Cláusulas 4-10'!B5:B40,"4",'Cláusulas 4-10'!G5:G40,"<>") -> 1 | D4: =IFERROR(AVERAGEIF('Cláusulas 4-10'!B5:B40,"4",'Cláusulas 4-10'!G5:G40),"-") -> 2 | E4: =IFERROR(COUNTIFS('Cláusulas 4-10'!B5:B40,"4",'Cláusulas 4-10'!G5:G40,">=3")/COUNTIFS('Cláusulas 4-10'!B5:B40,"4",'Cláusulas 4-10'!G5:G40,"<>"),"-") -> 0 | F4: 100%
A5: 5 Liderazgo | B5: =COUNTIF('Cláusulas 4-10'!B5:B40,"5") -> 3 | C5: =COUNTIFS('Cláusulas 4-10'!B5:B40,"5",'Cláusulas 4-10'!G5:G40,"<>") -> 0 | D5: =IFERROR(AVERAGEIF('Cláusulas 4-10'!B5:B40,"5",'Cláusulas 4-10'!G5:G40),"-") -> - | E5: =IFERROR(COUNTIFS('Cláusulas 4-10'!B5:B40,"5",'Cláusulas 4-10'!G5:G40,">=3")/COUNTIFS('Cláusulas 4-10'!B5:B40,"5",'Cláusulas 4-10'!G5:G40,"<>"),"-") -> - | F5: 100%
A6: 6 Planificación | B6: =COUNTIF('Cláusulas 4-10'!B5:B40,"6") -> 8 | C6: =COUNTIFS('Cláusulas 4-10'!B5:B40,"6",'Cláusulas 4-10'!G5:G40,"<>") -> 0 | D6: =IFERROR(AVERAGEIF('Cláusulas 4-10'!B5:B40,"6",'Cláusulas 4-10'!G5:G40),"-") -> - | E6: =IFERROR(COUNTIFS('Cláusulas 4-10'!B5:B40,"6",'Cláusulas 4-10'!G5:G40,">=3")/COUNTIFS('Cláusulas 4-10'!B5:B40,"6",'Cláusulas 4-10'!G5:G40,"<>"),"-") -> - | F6: 100%
A7: 7 Apoyo | B7: =COUNTIF('Cláusulas 4-10'!B5:B40,"7") -> 7 | C7: =COUNTIFS('Cláusulas 4-10'!B5:B40,"7",'Cláusulas 4-10'!G5:G40,"<>") -> 0 | D7: =IFERROR(AVERAGEIF('Cláusulas 4-10'!B5:B40,"7",'Cláusulas 4-10'!G5:G40),"-") -> - | E7: =IFERROR(COUNTIFS('Cláusulas 4-10'!B5:B40,"7",'Cláusulas 4-10'!G5:G40,">=3")/COUNTIFS('Cláusulas 4-10'!B5:B40,"7",'Cláusulas 4-10'!G5:G40,"<>"),"-") -> - | F7: 100%
A8: 8 Operación | B8: =COUNTIF('Cláusulas 4-10'!B5:B40,"8") -> 3 | C8: =COUNTIFS('Cláusulas 4-10'!B5:B40,"8",'Cláusulas 4-10'!G5:G40,"<>") -> 0 | D8: =IFERROR(AVERAGEIF('Cláusulas 4-10'!B5:B40,"8",'Cláusulas 4-10'!G5:G40),"-") -> - | E8: =IFERROR(COUNTIFS('Cláusulas 4-10'!B5:B40,"8",'Cláusulas 4-10'!G5:G40,">=3")/COUNTIFS('Cláusulas 4-10'!B5:B40,"8",'Cláusulas 4-10'!G5:G40,"<>"),"-") -> - | F8: 100%
A9: 9 Evaluación del desempeño | B9: =COUNTIF('Cláusulas 4-10'!B5:B40,"9") -> 6 | C9: =COUNTIFS('Cláusulas 4-10'!B5:B40,"9",'Cláusulas 4-10'!G5:G40,"<>") -> 0 | D9: =IFERROR(AVERAGEIF('Cláusulas 4-10'!B5:B40,"9",'Cláusulas 4-10'!G5:G40),"-") -> - | E9: =IFERROR(COUNTIFS('Cláusulas 4-10'!B5:B40,"9",'Cláusulas 4-10'!G5:G40,">=3")/COUNTIFS('Cláusulas 4-10'!B5:B40,"9",'Cláusulas 4-10'!G5:G40,"<>"),"-") -> - | F9: 100%
A10: 10 Mejora | B10: =COUNTIF('Cláusulas 4-10'!B5:B40,"10") -> 2 | C10: =COUNTIFS('Cláusulas 4-10'!B5:B40,"10",'Cláusulas 4-10'!G5:G40,"<>") -> 0 | D10: =IFERROR(AVERAGEIF('Cláusulas 4-10'!B5:B40,"10",'Cláusulas 4-10'!G5:G40),"-") -> - | E10: =IFERROR(COUNTIFS('Cláusulas 4-10'!B5:B40,"10",'Cláusulas 4-10'!G5:G40,">=3")/COUNTIFS('Cláusulas 4-10'!B5:B40,"10",'Cláusulas 4-10'!G5:G40,"<>"),"-") -> - | F10: 100%
A11: Anexo A · Organizacionales | B11: =COUNTIF('Anexo A'!B5:B97,"Organizacionales") -> 37 | C11: =COUNTIFS('Anexo A'!B5:B97,"Organizacionales",'Anexo A'!G5:G97,"<>") -> 1 | D11: =IFERROR(AVERAGEIF('Anexo A'!B5:B97,"Organizacionales",'Anexo A'!G5:G97),"-") -> 2 | E11: =IFERROR(COUNTIFS('Anexo A'!B5:B97,"Organizacionales",'Anexo A'!G5:G97,">=3")/COUNTIFS('Anexo A'!B5:B97,"Organizacionales",'Anexo A'!G5:G97,"<>"),"-") -> 0 | F11: Según SoA
A12: Anexo A · Personas | B12: =COUNTIF('Anexo A'!B5:B97,"Personas") -> 8 | C12: =COUNTIFS('Anexo A'!B5:B97,"Personas",'Anexo A'!G5:G97,"<>") -> 0 | D12: =IFERROR(AVERAGEIF('Anexo A'!B5:B97,"Personas",'Anexo A'!G5:G97),"-") -> - | E12: =IFERROR(COUNTIFS('Anexo A'!B5:B97,"Personas",'Anexo A'!G5:G97,">=3")/COUNTIFS('Anexo A'!B5:B97,"Personas",'Anexo A'!G5:G97,"<>"),"-") -> - | F12: Según SoA
A13: Anexo A · Físicos | B13: =COUNTIF('Anexo A'!B5:B97,"Físicos") -> 14 | C13: =COUNTIFS('Anexo A'!B5:B97,"Físicos",'Anexo A'!G5:G97,"<>") -> 0 | D13: =IFERROR(AVERAGEIF('Anexo A'!B5:B97,"Físicos",'Anexo A'!G5:G97),"-") -> - | E13: =IFERROR(COUNTIFS('Anexo A'!B5:B97,"Físicos",'Anexo A'!G5:G97,">=3")/COUNTIFS('Anexo A'!B5:B97,"Físicos",'Anexo A'!G5:G97,"<>"),"-") -> - | F13: Según SoA
A14: Anexo A · Tecnológicos | B14: =COUNTIF('Anexo A'!B5:B97,"Tecnológicos") -> 34 | C14: =COUNTIFS('Anexo A'!B5:B97,"Tecnológicos",'Anexo A'!G5:G97,"<>") -> 0 | D14: =IFERROR(AVERAGEIF('Anexo A'!B5:B97,"Tecnológicos",'Anexo A'!G5:G97),"-") -> - | E14: =IFERROR(COUNTIFS('Anexo A'!B5:B97,"Tecnológicos",'Anexo A'!G5:G97,">=3")/COUNTIFS('Anexo A'!B5:B97,"Tecnológicos",'Anexo A'!G5:G97,"<>"),"-") -> - | F14: Según SoA

Sheet Escala de madurez
A1: Escala de madurez (0–5)
A3: Nivel | B3: Nombre | C3: Descripción
A4: 0 | B4: Inexistente | C4: No se realiza ninguna actividad relacionada.
A5: 1 | B5: Inicial | C5: Se hace de forma puntual, depende de personas concretas.
A6: 2 | B6: Repetible | C6: Se hace de forma habitual pero sin documentar ni medir.
A7: 3 | B7: Definido | C7: Está documentado, aprobado y se aplica de forma sistemática.
A8: 4 | B8: Gestionado | C8: Se mide, se revisa y se toman decisiones con los datos.
A9: 5 | B9: Optimizado | C9: Se mejora de forma continua y se compara con referencias externas.
